 Dungeon Crawl Stone Soup version 0.29.0-15-g675c0067aa (webtiles) character file.

Game seed: 15430412850116215021

27884 gdog the Summoner (level 13, -3/99 HPs)
             Began as a Gnoll Summoner on Sept 11, 2022.
             Was an Initiate of Gozag.
             Slain by an elephant (15 damage)
             ... on level 3 of the Lair of Beasts.
             The game lasted 02:34:25 (19913 turns).

gdog the Summoner (Gnoll Summoner)                 Turns: 19913, Time: 02:34:25

Health: -3/99      AC:  8    Str:  9    XL:     13   Next: 35%
Magic:  26/26      EV: 17    Int: 19    God:    Gozag
Gold:   1092       SH:  0    Dex: 18    Spells: 12/31 levels left

rFire   . . .      SeeInvis +   V - +1 quarterstaff (spect)
rCold   . . .      Faith    .   (shield currently unavailable)
rNeg    . . .      Spirit   .   t - +1 leather armour of Tartarus {rElec rPois SInv}
rPois   +          Reflect  .   G - +0 helmet
rElec   +          Harm     .   (no cloak)
rCorr   .          Rampage  .   I - +1 pair of gloves
Will    .....                   (no boots)
Stlth   ++++......              H - amulet of the acrobat
HPRegen 0.26/turn               O - ring of wizardry
MPRegen 0.20/turn               B - +6 ring of dexterity

@: gold aura, on berserk cooldown, hasted and slowed
A: fangs 1, strong nose, distributed training
a: Renounce Religion, Potion Petition, Call Merchant, Bribe Branch


You were on level 3 of the Lair of Beasts.
You worshipped Gozag.
Gozag was most pleased with you.
You visited 3 branches of the dungeon, and saw 14 of its levels.
You also visited: Ossuary.

You collected 2970 gold pieces.
You paid 1878 gold pieces to Gozag.

Inventory:

Hand Weapons
 n - a +0 hand axe
 q - a +0 trident of venom
 r - a +4 war axe
 s - a +2 dagger of draining
 w - a +2 spear of venom
 y - a +3 quick blade
 J - a +5 battleaxe
 M - a +5 great sword
 Q - a +0 broad axe
 T - a +2 war axe of flaming
 V - a +1 spectral quarterstaff (weapon)
Missiles
 e - 20 poisoned darts
 j - 13 javelins
 u - 5 boomerangs
Armour
 d - a +1 buckler
 k - the +3 leather armour of the Evening {rElec rC++ Regen+ Str-2}
   (You found it on level 2 of the Dungeon)

   Str:       It affects your strength (-2).
   rC:        It greatly protects you from cold.
   rElec:     It insulates you from electricity.
   Regen:     It increases your rate of health regeneration.
 t - the +1 leather armour of Tartarus (worn) {rElec rPois SInv}
   (You found it on level 4 of the Dungeon)

   rElec:     It insulates you from electricity.
   rPois:     It protects you from poison.
   SInv:      It lets you see invisible.
 F - a +2 ring mail of willpower
 G - a +0 helmet (worn)
 I - a +1 pair of gloves (worn)
 U - +0 swamp dragon scales
Jewellery
 a - a ring of ice
 z - a ring of protection from cold
 B - a +6 ring of dexterity (right hand)
 C - a ring of fire
 H - an amulet of the acrobat (around neck)
 K - a ring of ice
 N - a ring of resist corrosion
 O - a ring of wizardry (left hand)
 S - a ring of protection from cold
 Y - a ring of positive energy
Wands
 h - a wand of mindburst (13)
 o - a wand of flame (23)
 x - a wand of polymorph (8)
 D - a wand of charming (10)
 X - a wand of iceblast (6)
Scrolls
 m - 7 scrolls of teleportation
 E - a scroll of fog
 P - 3 scrolls of identify
 R - 2 scrolls of poison
Potions
 b - a potion of magic
 c - 4 potions of curing
 f - 4 potions of attraction
 g - 3 potions of brilliance
 i - 5 potions of flight
 l - 2 potions of resistance
 p - a potion of haste
 v - 3 potions of mutation
 A - a potion of lignification
 L - 3 potions of berserk rage
Miscellaneous
 W - a condenser vane


   Skills:
 + Level 8.5 Fighting
 + Level 8.5 Short Blades
 + Level 8.5 Long Blades
 + Level 8.5 Axes
 + Level 8.5 Maces & Flails
 + Level 8.5 Polearms
 + Level 8.5 Staves
 + Level 8.5 Ranged Weapons
 + Level 8.5 Throwing
 + Level 8.5 Armour
 + Level 9.7 Dodging
 + Level 9.5 Stealth
 + Level 8.5 Shields
 + Level 8.5 Unarmed Combat
 + Level 9.9 Spellcasting
 + Level 7.1 Conjurations
 + Level 7.1 Hexes
 + Level 10.1 Summonings
 + Level 7.1 Necromancy
 + Level 7.1 Translocations
 + Level 7.1 Transmutations
 + Level 7.1 Fire Magic
 + Level 7.1 Ice Magic
 + Level 7.1 Air Magic
 + Level 7.1 Earth Magic
 + Level 7.1 Poison Magic
 + Level 9.3 Invocations
 + Level 8.5 Evocations


You had 12 spell levels left.
You knew the following spells:

 Your Spells              Type           Power      Damage    Failure   Level
a - Summon Small Mammal   Summ           100%       N/A       1%          1
b - Call Imp              Summ           48%        N/A       1%          2
c - Call Canine Familiar  Summ           48%        N/A       1%          3
d - Summon Guardian Gole  Hex/Summ       42%        N/A       1%          3
e - Summon Lightning Spi  Summ/Air       42%        N/A       1%          4
f - Ensorcelled Hibernat  Hex/Ice        72%        N/A       1%          2
g - Airstrike             Air            18%        2d(3-19)  2%          4

Your spell library contained the following spells:

 Spells                   Type           Power      Damage    Failure   Level
 Magic Dart               Conj           100%       1d8       1%          1
 Necrotise                Necr           100%       1d9       1%          1
 Shock                    Conj/Air       100%       1d9       1%          1
 Searing Ray              Conj           72%        2d7       1%          2
 Static Discharge         Conj/Air       36%        3-8/arc   1%          2
 Gell's Gravitas          Tloc           36%        N/A       1%          3
 Spider Form              Tmut/Pois      36%        N/A       1%          3
 Swiftness                Air            36%        N/A       1%          3
 Teleport Other           Tloc           36%        N/A       1%          3
 Vampiric Draining        Necr           36%        2d8       1%          3
 Anguish                  Hex/Necr       18%        N/A       2%          4
 Dispel Undead            Necr           36%        3d15      2%          4
 Fulminant Prism          Conj/Hex       18%        3d11      2%          4
 Iskenderun's Mystic Bla  Conj/Tloc      36%        2d9       2%          4
 Sticky Flame             Conj/Fire      36%        2d6       2%          4
 Agony                    Necr           36%        N/A       6%          5
 Lee's Rapid Deconstruct  Erth           18%        3d12*     6%          5
 Lightning Bolt           Conj/Air       18%        1d32      6%          5
 Death Channel            Necr           18%        N/A       32%         6
 Dispersal                Tloc           18%        N/A       32%         6
 Corpse Rot               Necr/Pois/Air  Unusable   N/A       N/A         4

Dungeon Overview and Level Annotations

Branches:
Dungeon (10/15)            Temple (1/1) D:4            Lair (3/5) D:8
 Shoals (0/4) Lair:2        Snake (0/4) Lair:2      Ossuary (visited)
    Orc: D:9-12

Altars:
Ashenzari
Cheibriados
Dithmenos
Elyvilon
Fedhas
Gozag
Hepliaklqana
Kikubaaqudgha
Makhleb
Nemelex Xobeh
Okawaru
Qazlal
Ru
Trog
Uskayaw
Vehumet
Wu Jian
Xom
Yredelemnul
Zin
The Shining One

Shops:
D:9 :

Annotations:
D:5 3 runed translucent doors, groovy9's ghost, novice HOFi


Innate Abilities, Weirdness & Mutations

You have very sharp teeth.
Your uncanny sense of smell can sniff out nearby items.
Your experience applies equally to all skills.


Message History

The elephant barely misses you.
The elephant trunk-slaps you but does no damage.
The elephant closely misses you. x2
You hit the elephant but do no damage.
The elephant is moderately wounded.
Your +1 spectral quarterstaff barely misses the elephant.
The elephant tramples you!
You stumble backwards!
You hit the elephant.
The elephant is moderately wounded.
Your +1 spectral quarterstaff hits the elephant.
The elephant tramples you!
You stumble backwards!
You hit the elephant but do no damage.
The elephant is moderately wounded.
Your +1 spectral quarterstaff hits the elephant!
The elephant tramples you!
* * * LOW HITPOINT WARNING * * *
You stumble backwards!
You hit the elephant but do no damage.
You bite the elephant, but do no damage.
The elephant is heavily wounded.
Your +1 spectral quarterstaff completely misses the elephant.
The elephant tramples you!
* * * LOW HITPOINT WARNING * * *
You hold your ground!
The elephant trunk-slaps you.
* * * LOW HITPOINT WARNING * * *
A bullfrog comes into view.
The elephant is distracted by your dazzling golden aura.
The elephant trumpets!
You hit the elephant.
The elephant is no longer distracted by gold.
The elephant is heavily wounded.
Your +1 spectral quarterstaff hits the elephant!
Your +1 spectral quarterstaff fades away.
The elephant closely misses you. The elephant trunk-slaps you.
* * * LOW HITPOINT WARNING * * *
Okay, then.
Your guardian golem disappears in a puff of smoke!
You feel yourself speed up. The elephant tramples you!
You die...
Your body crumbles into a pile of gold.

#PP...........P##..)##.....P## #.
..PPP......$<..P...# #.......# ##
.P##P..............###P......#
.##.P.......#$$.....#........##
.##...............###....#....##
####...........ยงยง#......#.##...##
.#.....................#.####....
P#P.............Y..F....####.....
##..............@..##.....#P.....
.................P#.##...........
.................######..........
................#.# #..........
.................## ##.........
.##...............## #........#
###................# ......###
###.......###...#..# .....
##....#.# ..#.##.. #..


You could see an elephant and a bullfrog.

Vanquished Creatures
  Gastronok (Lair:1)
  A manticore (Lair:2)
  A merfolk siren (Lair:2)
  A black mamba (Lair:3)
  3 elephants (Lair:3)
  5 cane toads
  A komodo dragon (Lair:2)
  A blink frog (Lair:2)
  A shadow (D:10)
  A wyvern (Lair:3)
  A basilisk (Lair:3)
  4 yaks
  3 steam dragons
  3 water moccasins
  A nameless horror (D:6)
  2 sky beasts
  8 wolves (Lair:2)
  2 centaurs (D:9)
  A phantom (D:7)
  5 bullfrogs
  A necrophage (D:6)
  A scorpion (Lair:2)
  12 killer bees
  A howler monkey (D:9)
  2 orc priests
  An iguana (D:6)
  5 orc wizards
  Natasha (D:2)
  A gnoll (D:9)
  An adder zombie (Ossuary)
  A dart slug (D:5)
  10 orcs
  A giant cockroach (D:4)
  2 hobgoblins
  2 jackals
  4 kobolds
  An orc zombie (Ossuary)
93 creatures vanquished.

Vanquished Creatures (collateral kills)
  An elephant (Lair:2)
  Maggie (Lair:1)
  A kobold demonologist (D:10)
  An unseen horror (D:10)
  A queen bee (Lair:2)
  2 water moccasins
  A sky beast (D:6)
  An ogre (D:5)
  A wolf (Lair:2)
  A centaur (D:6)
  A phantom (D:5)
  A kobold brigand (D:7)
  A bullfrog (D:7)
  2 gnoll sergeants
  A scorpion (D:4)
  3 wights (D:8)
  10 killer bees
  4 howler monkeys
  2 orc priests
  2 iguanas (D:6)
  Jessica (D:2)
  Natasha (twice) (D:2)
  8 orc wizards
  A mummy (Ossuary)
  7 gnolls
  A river rat (Lair:2)
  4 adders
  A shadow imp (D:7)
  2 white imps (D:7)
  An ufetubus (D:6)
  2 adder zombies (Ossuary)
  3 worms
  A dart slug (D:4)
  25 orcs
  5 bats
  8 endoplasms
  5 giant cockroaches
  3 gnoll zombies (Ossuary)
  4 goblins
  2 hobgoblins
  4 jackals
  A quokka (D:3)
  7 ball pythons
  3 frilled lizards
  2 hobgoblin zombies (Ossuary)
  4 kobolds
  3 kobold zombies (Ossuary)
  4 orc zombies (Ossuary)
  4 rats
  A spectral kobold (D:1)
  A toadstool (D:6)
158 creatures vanquished.

Vanquished Creatures (others)
  A hydra (Lair:1)
  6 death yaks (Lair:3)
  An elephant (Lair:2)
  3 black mambas
  A cane toad (Lair:2)
  A rime drake (Lair:1)
  4 komodo dragons
  6 meliai
  A polar bear (Lair:3)
  3 dream sheep (D:10)
  15 yaks
  A wyvern (Lair:2)
  2 basilisks
  2 acid dragons
  Duvessa (D:5)
  6 water moccasins
  An orc warrior (D:10)
  6 wolves (Lair:2)
  3 centaurs
  2 bullfrogs
  A gnoll sergeant (D:5)
  3 water moccasin zombies (Ossuary)
  11 wights (D:8)
  Dowan (D:5)
  17 killer bees
  2 howler monkeys (D:9)
  A gnoll bouda (D:10)
  A hell rat (Lair:2)
  A mummy (Ossuary)
  8 gnolls
  An adder (D:4)
  2 adder zombies (Ossuary)
  3 orcs
  2 gnoll zombies (Ossuary)
  2 kobold zombies (Ossuary)
  23 fungi
  49 plants
  2 toadstools (D:6)
196 creatures vanquished.

Grand Total: 447 creatures vanquished

Notes
Turn   | Place    | Note
-------+----------+-------------------------------------------
     0 | D:1      | gdog the Gnoll Summoner began the quest for the Orb.
     0 | D:1      | Reached XP level 1. HP: 13/13 MP: 6/6
   187 | D:1      | Reached XP level 2. HP: 19/19 MP: 5/7
   257 | D:1      | Learned a level 2 spell: Call Imp
   582 | D:1      | Found a faded altar of an unknown god.
   679 | D:1      | Reached skill level 5 in Spellcasting
   679 | D:1      | Reached XP level 3. HP: 25/25 MP: 5/9
   701 | D:1      | Learned a level 3 spell: Call Canine Familiar
   705 | D:1      | Learned a level 3 spell: Summon Guardian Golem
   937 | D:2      | Identified the +3 leather armour of the Evening {rElec rC++
                  | Regen+ Str-2}
  1110 | D:2      | Reached skill level 1 in Invocations
  1158 | D:2      | Reached skill level 1 in Fighting
  1158 | D:2      | Reached skill level 1 in Short Blades
  1158 | D:2      | Reached skill level 1 in Long Blades
  1158 | D:2      | Reached skill level 1 in Axes
  1158 | D:2      | Reached skill level 1 in Maces & Flails
  1158 | D:2      | Reached skill level 1 in Polearms
  1158 | D:2      | Reached skill level 1 in Staves
  1158 | D:2      | Reached skill level 1 in Ranged Weapons
  1158 | D:2      | Reached skill level 1 in Throwing
  1158 | D:2      | Reached skill level 1 in Armour
  1158 | D:2      | Reached skill level 1 in Shields
  1158 | D:2      | Reached skill level 1 in Unarmed Combat
  1158 | D:2      | Reached skill level 1 in Evocations
  1333 | D:2      | Noticed Natasha
  1343 | D:2      | Killed Natasha
  1344 | D:2      | Reached XP level 4. HP: 32/32 MP: 3/11
  1345 | D:2      | Noticed Jessica
  1366 | D:2      | Killed Jessica
  1367 | D:2      | Reached skill level 1 in Conjurations
  1367 | D:2      | Reached skill level 1 in Hexes
  1367 | D:2      | Reached skill level 1 in Necromancy
  1367 | D:2      | Reached skill level 1 in Translocations
  1367 | D:2      | Reached skill level 1 in Transmutations
  1367 | D:2      | Reached skill level 1 in Fire Magic
  1367 | D:2      | Reached skill level 1 in Ice Magic
  1367 | D:2      | Reached skill level 1 in Air Magic
  1367 | D:2      | Reached skill level 1 in Earth Magic
  1367 | D:2      | Reached skill level 1 in Poison Magic
  1421 | D:2      | Noticed Natasha
  1432 | D:2      | Killed Natasha
  1433 | D:2      | Reached XP level 5. HP: 12/37 MP: 6/12
  1440 | D:2      | Noticed Natasha
  1452 | D:2      | Killed Natasha
  2785 | D:3      | Reached XP level 6. HP: 44/44 MP: 7/13
  3055 | D:3      | Reached skill level 5 in Dodging
  3359 | D:4      | Identified the +1 leather armour of Tartarus {rElec rPois
                  | SInv}
  3790 | D:4      | Found a staircase to the Ecumenical Temple.
  3839 | Temple   | Entered the Ecumenical Temple
  3949 | Temple   | Became a worshipper of Gozag Ym Sagoz the Greedy
  4149 | D:4      | Reached XP level 7. HP: 51/51 MP: 13/15
  4282 | D:4      | Upgraded the game from 0.29.0-13-gc9e81de378 to
                  | 0.29.0-15-g675c0067aa
  4677 | D:5      | Entered Level 5 of the Dungeon
  4736 | D:5      | Found a runed translucent gate.
  4736 | D:5      | Found a runed translucent gate.
  4736 | D:5      | Found a runed translucent gate.
  4740 | D:5      | Noticed groovy9's ghost (novice HOFi)
  4749 | D:5      | Noticed a kobold demonologist
  4849 | D:5      | Reached skill level 5 in Stealth
  4960 | D:5      | Learned a level 4 spell: Summon Lightning Spire
  5040 | D:5      | Found a glowing golden altar of the Shining One.
  5258 | D:5      | Noticed Duvessa
  5259 | D:5      | Noticed Dowan
  5284 | D:5      | Killed Duvessa
  5285 | D:5      | Reached XP level 8. HP: 58/58 MP: 9/16
  5303 | D:5      | Your ally Dowan died
  5886 | D:5      | Learned a level 2 spell: Ensorcelled Hibernation
  6144 | D:6      | Found a sand-covered staircase.
  6154 | Ossuary  | Entered an ossuary
  6590 | Ossuary  | Identified a scroll of acquirement
  6592 | Ossuary  | Acquired a +3 quick blade
  6659 | D:6      | Noticed a nameless horror
  6687 | D:6      | Killed a nameless horror
  7105 | D:6      | Reached XP level 9. HP: 65/65 MP: 10/18
  7381 | D:7      | Reached skill level 8 in Summonings
  7478 | D:7      | Reached skill level 5 in Invocations
  7582 | D:7      | Learned a level 4 spell: Airstrike
  7799 | D:7      | Identified the +1 helmet of Cihif {rElec Int+10 Dex-5
                  | Stlth-}
  7988 | D:7      | Found a broken altar of Ashenzari.
  8401 | D:8      | Found a sparkling altar of Nemelex Xobeh.
  8410 | D:8      | Found a glowing silver altar of Zin.
  8410 | D:8      | Found a blossoming altar of Fedhas.
  8410 | D:8      | Found a hazy altar of Hepliaklqana.
  8763 | D:8      | Reached skill level 5 in Fighting
  8763 | D:8      | Reached skill level 5 in Short Blades
  8763 | D:8      | Reached skill level 5 in Long Blades
  8763 | D:8      | Reached skill level 5 in Axes
  8763 | D:8      | Reached skill level 5 in Maces & Flails
  8763 | D:8      | Reached skill level 5 in Polearms
  8763 | D:8      | Reached skill level 5 in Staves
  8763 | D:8      | Reached skill level 5 in Ranged Weapons
  8763 | D:8      | Reached skill level 5 in Throwing
  8763 | D:8      | Reached skill level 5 in Armour
  8763 | D:8      | Reached skill level 5 in Shields
  8763 | D:8      | Reached skill level 5 in Unarmed Combat
  8763 | D:8      | Reached skill level 5 in Evocations
  8763 | D:8      | Reached XP level 10. HP: 65/74 MP: 14/20
  9151 | D:8      | Found a staircase to the Lair.
  9883 | D:9      | Found a stormy altar of Qazlal.
  9888 | D:9      | Found Uniynteso's Book Boutique.
 10380 | D:10     | Entered Level 10 of the Dungeon
 10874 | D:10     | Killed an unseen horror
 11543 | D:10     | Reached skill level 5 in Conjurations
 11543 | D:10     | Reached skill level 5 in Hexes
 11543 | D:10     | Reached skill level 5 in Necromancy
 11543 | D:10     | Reached skill level 5 in Translocations
 11543 | D:10     | Reached skill level 5 in Transmutations
 11543 | D:10     | Reached skill level 5 in Fire Magic
 11543 | D:10     | Reached skill level 5 in Ice Magic
 11543 | D:10     | Reached skill level 5 in Air Magic
 11543 | D:10     | Reached skill level 5 in Earth Magic
 11543 | D:10     | Reached skill level 5 in Poison Magic
 11543 | D:10     | Reached XP level 11. HP: 81/81 MP: 19/22
 12698 | D:10     | Noticed a sun demon
 12750 | D:10     | Noticed a sun demon
 13086 | Lair:1   | Entered Level 1 of the Lair of Beasts
 13118 | Lair:1   | Reached skill level 9 in Summonings
 14028 | Lair:1   | Noticed Maggie
 14031 | Lair:1   | Noticed Gastronok
 14045 | Lair:1   | Killed Maggie
 14058 | Lair:1   | Killed Gastronok
 14765 | Lair:1   | Noticed an eight-headed hydra
 14782 | Lair:1   | Killed an eight-headed hydra
 15637 | Lair:2   | Found a staircase to the Snake Pit.
 15674 | Lair:2   | Reached XP level 12. HP: 91/91 MP: 12/24
 16388 | Lair:2   | Found a staircase to the Shoals.
 18925 | Lair:3   | Noticed a death yak
 18927 | Lair:3   | Noticed a death yak
 18928 | Lair:3   | Noticed a death yak
 18932 | Lair:3   | Noticed a death yak
 18940 | Lair:3   | Noticed a death yak
 18942 | Lair:3   | Noticed a death yak
 18970 | Lair:3   | Killed a death yak
 19023 | Lair:3   | Killed a death yak
 19024 | Lair:3   | Reached XP level 13. HP: 88/98 MP: 3/26
 19036 | Lair:3   | Reached skill level 10 in Summonings
 19913 | Lair:3   | Slain by an elephant

Illustrated notes

Levels and vault maps discovered:
D:1:      dpeg_chamrin_arrival_tetris, layout_basic,
          dreamdust_ecumenical_altar_drowned_temple
D:2:      layout_rooms, uniq_natasha, uniq_jessica
D:3:      layout_loops_ring
D:4:      layout_cave_pods, minmay_temple_entry_offerings
D:5:      layout_gridville, mainiacjoe_overflow_chevrons, gammafunk_ghost_split,
          uniq_duvessa
D:6:      layout_rooms, enter_ossuary_2, minmay_gold_behind_fungi,
          minmay_splitting_lines
D:7:      layout_basic, kennysheep_little_box, minmay_between
D:8:      layout_rooms, chequers_temple_overflow_statue_of_worship,
          david_lair_shrubbed, lemuel_another_geyser
D:9:      layout_basic, nicolae_qazlal_style_of_elements, serial_shops,
          nicolae_shop_trees
D:10:     layout_loops_ring, dreamdust_gnoll_shepherd
Temple:   regret_index_temple_generic_petals
Lair:1:   layout_loops_ring, uniq_maggie, uniq_gastronok
Lair:2:   regret_index_combs_of_tragedy, layout_chaotic_city,
          minmay_shoals_entry_lonely_mermaid, dummy_snake_entry
Lair:3:   layout_layer_cave

Skill      XL: |  1  2  3  4  5  6  7  8  9 10 11 12 13 |
---------------+----------------------------------------+-----
Spellcasting   | 5 6 7 8 9 |  9.9
Invocations    | 1 2 3 4 5 6 7 8 9 |  9.3
Fighting       | 1 2 3 5 6 7 8 |  8.5
Short Blades   | 1 2 3 5 6 7 8 |  8.5
Long Blades    | 1 2 3 5 6 7 8 |  8.5
Axes           | 1 2 3 5 6 7 8 |  8.5
Maces & Flails | 1 2 3 5 6 7 8 |  8.5
Polearms       | 1 2 3 5 6 7 8 |  8.5
Staves         | 1 2 3 5 6 7 8 |  8.5
Ranged Weapons | 1 2 3 5 6 7 8 |  8.5
Throwing       | 1 2 3 5 6 7 8 |  8.5
Armour         | 1 2 3 5 6 7 8 |  8.5
Shields        | 1 2 3 5 6 7 8 |  8.5
Unarmed Combat | 1 2 3 5 6 7 8 |  8.5
Evocations     | 1 2 3 5 6 7 8 |  8.5
Conjurations   | 1 2 3 4 5 6 7 |  7.1
Hexes          | 1 2 3 4 5 6 7 |  7.1
Necromancy     | 1 2 3 4 5 6 7 |  7.1
Translocations | 1 2 3 4 5 6 7 |  7.1
Transmutations | 1 2 3 4 5 6 7 |  7.1
Fire Magic     | 1 2 3 4 5 6 7 |  7.1
Ice Magic      | 1 2 3 4 5 6 7 |  7.1
Air Magic      | 1 2 3 4 5 6 7 |  7.1
Earth Magic    | 1 2 3 4 5 6 7 |  7.1
Poison Magic   | 1 2 3 4 5 6 7 |  7.1
Dodging        | 5 6 7 8 9 |  9.7
Stealth        | 5 6 7 8 9 |  9.5
Summonings     | 8 9 10 | 10.1

Action                   |  1- 3 |  4- 6 |  7- 9 | 10-12 | 13-15 || total
-------------------------+-------+-------+-------+-------+-------++-------
Melee: Unarmed           |    17 |     2 |       |       |       ||    19
       Bite              |     1 |     2 |    24 |    27 |     7 ||    61
       Dagger            |       |    37 |    59 |       |       ||    96
       Punch             |       |     1 |     6 |    10 |       ||    17
       Quick blade       |       |       |   176 |   144 |       ||   320
       War axe           |       |       |       |    32 |       ||    32
       Quarterstaff      |       |       |       |    54 |    40 ||    94
 Cast: Summon Small Mamm |    29 |    20 |    19 |    31 |       ||    99
       Call Imp          |     7 |     8 |    11 |     5 |       ||    31
       Call Canine Famil |     5 |    14 |    26 |    43 |       ||    88
       Summon Guardian G |       |    15 |    41 |   103 |     9 ||   168
       Summon Lightning  |       |       |     4 |    13 |       ||    17
       Ensorcelled Hiber |       |       |       |     3 |       ||     3
       Airstrike         |       |       |       |    44 |     8 ||    52
Invok: Potion Petition   |       |       |       |     4 |       ||     4
Evoke: Wand              |       |       |     9 |    10 |       ||    19
  Use: Scroll            |     3 |     4 |     9 |    10 |     2 ||    28
       Potion            |       |       |       |     9 |     3 ||    12
 Stab: Distracted        |       |     1 |       |     8 |     1 ||    10
       Sleeping          |       |     2 |     1 |     1 |     2 ||     6
Armor: Robe              |    15 |       |       |       |       ||    15
       Leather armour    |       |    17 |    34 |    70 |     9 ||   130
       Ring mail         |       |       |       |    16 |       ||    16
Dodge: Dodged            |    30 |    32 |    97 |   269 |    32 ||   460
